 Dungeon Crawl Stone Soup version 0.31-a0-986-g5e6e4ef867 (webtiles) character file.

Game seed: 17468784607471261891

2012 Zonian the Magician (level 9, 0/45 HPs)
             Began as a Deep Elf Fire Elementalist on Nov 11, 2023.
             Was an Initiate of Ashenzari.
             Killed from afar by a steam dragon (16 damage)
             ... with a ball of steam
             ... on level 6 of the Dungeon.
             The game lasted 00:18:27 (8530 turns).

Zonian the Magician (Deep Elf Fire Elementalist)    Turns: 8530, Time: 00:18:27

Health: 0/45       AC:  4    Str:  5    XL:     9   Next: 2%
Magic:  5/22       EV: 15    Int: 25    God:    Ashenzari [......]
Gold:   310        SH:  0    Dex: 15    Spells: 17/23 levels left

rFire   . . .        x - +4 dagger (freeze)
rCold   . . .        (no shield)
rNeg    . . .        a - +0 robe
rPois   .            (no helmet)
rElec   .            q - +0 cloak
rCorr   .            (no gloves)
SInv    +            m - +0 pair of boots
Will    .....        (no amulet)
Stlth   ++++         n - ring of see invisible
HPRegen 0.27/turn    t - ring of wizardry
MPRegen 0.18/turn

%: wizardry (x1)
@: no status effects
A: no striking features
a: Renounce Religion


You were on level 6 of the Dungeon.
You worshipped Ashenzari.
Ashenzari was noncommittal.
You visited 1 branch of the dungeon, and saw 6 of its levels.
You also visited: Sewer.

You collected 310 gold pieces.

Inventory:

Hand Weapons
 b - a +2 dagger of draining
 c - a +3 dagger
 e - a +0 dagger
 f - a +0 short sword
 v - a +4 falchion
 x - a +4 dagger of freezing (weapon)
Missiles
 i - 3 throwing nets
Armour
 a - a +0 robe (worn)
 m - a +0 pair of boots (worn)
 p - a +0 buckler
 q - a +0 cloak (worn)
Jewellery
 n - a ring of see invisible (left hand)
 t - a ring of wizardry (right hand)
 y - a ring of protection from cold
 A - an amulet of faith
Wands
 u - a wand of digging (3)
 w - a wand of flame (10)
Scrolls
 g - 2 scrolls of immolation
 h - 2 scrolls of poison
 j - 4 scrolls of teleportation
 r - a scroll of enchant armour
 s - 2 scrolls of fog
 z - a scroll of fear {unknown}
 B - a scroll of summoning {unknown}
Potions
 d - 2 potions of might
 k - 2 potions of enlightenment
 l - 2 potions of curing
 o - 2 potions of degeneration
 C - a potion of cancellation


   Skills:
 + Level 6.7 Dodging
 + Level 7.2 Stealth
 + Level 7.5 Spellcasting
 + Level 5.6 Conjurations
 + Level 6.7 Fire Magic


You had 17 spell levels left.
You knew the following spells:

 Your Spells              Type           Power      Damage    Failure   Level
a - Foxfire               Conj/Fire      100%       2x1d9     1%          1
b - Scorch                Fire           86%        2d8       1%          2
c - Searing Ray           Conj           74%        2d7       1%          2
d - Magic Dart            Conj           100%       1d8       1%          1

Your spell library contained the following spells:

 Spells                   Type           Power      Damage    Failure   Level
 Inner Flame              Hex/Fire       26%        N/A       1%          3
 Volatile Blastmotes      Fire/Tloc      52%        2d14      1%          3
 Flame Wave               Conj/Fire      40%        2d11      1%          4
 Sticky Flame             Conj/Fire      40%        2d6       1%          4
 Ignite Poison            Fire/Tmut/Pois 20%        N/A       3%          3
 Iskenderun's Battlesphe  Conj           37%        2d9       7%          5
 Fulminant Prism          Conj/Hex       11%        3d8       9%          4
 Bombard                  Conj/Erth      11%        9d3       73%         6
 Spellforged Servitor     Conj/Summ      11%        N/A       99%         7
 Ignition                 Fire           21%        3d8       100%        8


Dungeon Overview and Level Annotations

Branches:
Dungeon (6/15)              Sewer (visited)
 Temple: D:4-7

Altars:
Ashenzari
Elyvilon
Trog
Xom
The Shining One

Shops:
D:2 (   D:5 *


Message History

You feel clever. x2
Unknown command.
Casting: Scorch (safe; 1% risk of failure)
Confirm with . or Enter, or press ? or * to list all spells.
Aiming: Searing Ray (safe; 1% risk of failure)
Press: ? - help, Shift-Dir - straight line, f - steam dragon
Aim: a steam dragon (steam, 81% to hit)
The searing ray hits the steam dragon!
The steam dragon is moderately wounded. (Press . to maintain the ray.)
The fungus is engulfed in a cloud of scalding steam.
The steam dragon breathes steam at you. The ball of steam hits you!
You are engulfed in a cloud of scalding steam.
The fungus is engulfed in a cloud of scalding steam.
The fungus begins to die.
Unknown command.
You are engulfed in a cloud of scalding steam.
The fungus is engulfed in a cloud of scalding steam. x2
The fungus begins to die.
Unknown command.
Casting: Searing Ray (safe; 1% risk of failure)
Confirm with . or Enter, or press ? or * to list all spells.
Restarting spell: Searing Ray (safe; 1% risk of failure)
Press: ? - help, Shift-Dir - straight line, f/p - steam dragon
Aim: a steam dragon (steam, moderately wounded, 81% to hit)
The searing ray hits the steam dragon.
The steam dragon is heavily wounded. (Press . to maintain the ray.)
You are engulfed in a cloud of scalding steam.
A nearby fungus withers and dies.
Casting: Searing Ray (safe; 1% risk of failure)
Confirm with . or Enter, or press ? or * to list all spells.
Flames lash the steam dragon.
The steam dragon is heavily wounded.
The steam dragon's fire resistance burns away.
You are engulfed in a cloud of scalding steam.
The steam dragon breathes steam at you. The ball of steam hits you!
You die...

.#<#.#.######.##P..#
.### #~.~# #P.^#
#~..# #.~## #..#
##.~# #P..# #~@P#
#.D.# #...# #~.§#
#...# ^~.~P #P...~.
≈~..... #P~....P~


You could see a steam dragon (catching breath, combustible).

Vanquished Creatures
  Sigmund (D:6)
  A steam dragon (D:6)
  A black bear (D:6)
  An ogre (D:4)
  A phantom (D:5)
  2 bullfrogs (Sewer)
  A gnoll sergeant (D:5)
  3 scorpions
  5 wights (D:6)
  A howler monkey (D:5)
  2 orc priests (D:4)
  A gnoll bouda (D:5)
  A hound (D:5)
  Jessica (D:3)
  6 iguanas
  2 orc wizards
  17 gnolls
  14 adders
  A worm (D:3)
  2 dart slugs
  18 orcs
  15 endoplasms
  18 giant cockroaches
  13 goblins
  9 hobgoblins
  7 jackals
  8 kobolds
  13 quokkas
  10 ball pythons
  7 bats
  15 frilled lizards
  6 rats
  2 butterflies (D:5)
205 creatures vanquished.

Vanquished Creatures (collateral kills)
  A foxfire (D:6)
1 creature vanquished.

Vanquished Creatures (others)
  788 foxfires
788 creatures vanquished.

Grand Total: 994 creatures vanquished

Notes
Turn   | Place    | Note
-------+----------+-------------------------------------------
     0 | D:1      | Zonian the Deep Elf Fire Elementalist began the quest for
                  | the Orb.
     0 | D:1      | Reached XP level 1. HP: 10/10 MP: 6/6
   275 | D:1      | Reached XP level 2. HP: 13/15 MP: 1/8
  1161 | D:1      | Reached XP level 3. HP: 19/19 MP: 4/9
  1829 | D:2      | Found a faded altar of an unknown god.
  2043 | D:2      | Found Yhiutu's Weapon Shop.
  2675 | D:3      | Noticed Jessica
  2683 | D:3      | Killed Jessica
  2684 | D:3      | Reached XP level 4. HP: 24/24 MP: 2/11
  3324 | D:3      | Reached XP level 5. HP: 26/28 MP: 1/13
  4304 | D:3      | Learned a level 2 spell: Scorch
  4310 | D:3      | Learned a level 2 spell: Searing Ray
  4312 | D:3      | Learned a level 1 spell: Magic Dart
  4437 | D:4      | Reached XP level 6. HP: 32/32 MP: 10/14
  4682 | D:4      | Reached skill level 5 in Spellcasting
  4818 | D:4      | Found a bloodstained altar of Trog.
  5538 | D:5      | Entered Level 5 of the Dungeon
  5620 | D:5      | Reached XP level 7. HP: 36/36 MP: 11/16
  5624 | D:5      | Reached skill level 5 in Fire Magic
  5737 | D:5      | Reached skill level 5 in Stealth
  5926 | D:5      | Reached skill level 5 in Dodging
  5935 | D:5      | Found a white marble altar of Elyvilon.
  6051 | D:5      | Found a white marble altar of Elyvilon.
  6195 | D:5      | Found a glowing drain.
  6216 | Sewer    | Entered a sewer
  7179 | Sewer    | Reached XP level 8. HP: 41/41 MP: 10/19
  7383 | D:5      | Found a shimmering altar of Xom.
  7461 | D:5      | Found a broken altar of Ashenzari.
  7868 | D:5      | Found Porast's Assorted Antiques.
  8036 | D:5      | Became a worshipper of Ashenzari the Shackled
  8111 | D:6      | Noticed Sigmund
  8114 | D:6      | Killed Sigmund
  8115 | D:6      | Reached skill level 5 in Conjurations
  8368 | D:6      | Found a glowing golden altar of the Shining One.
  8526 | D:6      | Reached XP level 9. HP: 45/45 MP: 12/22
  8530 | D:6      | Killed from afar by a steam dragon

Illustrated notes

Levels and vault maps discovered:
D:1:      roderic_chinese_lattice_arrival, layout_loops_corners,
          minmay_tetromino_o4
D:2:      layout_loops_ring, serial_shops, nicolae_shop_bloodbath_and_beyond,
          shapermc_ecumenical_altar_mp_vishouse, palyth_stone_intersect,
          mrwooster_statue_mirror, chequers_serial_rivers_room_a,
          minmay_worlds_worst_comb
D:3:      minmay_chambers_of_threes, layout_rooms, uniq_jessica
D:4:      cheibrodos_greedy_goblins, layout_rooms, general_overflow_altar
D:5:      layout_gridville, xom_butterflies, nicolae_ashenzari_panopticon,
          gup_sewer_entry_glass, st_stairs_13, grunt_decor_arrowhead,
          nicolae_take_the_stairs, hangedman_feature_mirror
D:6:      kennysheep_steamy, layout_basic, tso_oasis_becter,
          minmay_temple_entry_enclosed_plants, uniq_sigmund

Skill      XL: |  1  2  3  4  5  6  7  8 |
---------------+-------------------------+-----
Stealth        | 3 4 5 7 |  7.2
Dodging        | 3 4 5 6 |  6.7
Conjurations   | 2 3 4 5 |  5.6
Spellcasting   | 4 5 6 7 |  7.5
Fire Magic     | 4 5 6 |  6.7

Action                     |  1- 3 |  4- 6 |  7- 9 || total
---------------------------+-------+-------+-------++-------
  Melee: Dagger            |       |    16 |    21 ||    37
         Falchion          |       |       |    11 ||    11
   Cast: Foxfire           |   130 |   189 |   168 ||   487
         Scorch            |       |     2 |    26 ||    28
         Searing Ray       |       |       |     2 ||     2
  Evoke: Wand              |       |       |     1 ||     1
    Use: Scroll            |       |     9 |     2 ||    11
         Potion            |       |     2 |     2 ||     4
 Armour: Robe              |    20 |    22 |    28 ||    70
         Skin              |       |       |    32 ||    32
  Dodge: Dodged            |    16 |    21 |    35 ||    72

Table legend: (Time is in decaauts)
 A = Elapsed time spent in this place.
 B = Non-inter-level travel time spent in this place.
 C = Inter-level travel time spent in this place.
 D = Time resting spent in this place.
 E = Time spent auto-exploring this place.
 F = Levels seen in this place.
 G = Mean time per level.
                   A        B        C        D        E       F      G
               +--------+--------+--------+--------+--------+-----+--------+
         Total |   8653 |   8474 |    179 |   2011 |   4843 |   7 | 1236.1 |
       Dungeon |   7387 |   7208 |    179 |   1319 |   4613 |   6 | 1231.2 |
         Sewer |   1266 |   1266 |      0 |    692 |    229 |   1 | 1266.0 |
               +--------+--------+--------+--------+--------+-----+--------+

Top non-repeatable levels by time:
     D:1: 1546 daAuts
     D:3: 1486 daAuts
     D:2: 1398 daAuts
     D:5: 1336 daAuts
   Sewer: 1266 daAuts
     D:4: 1176 daAuts
     D:6: 442 daAuts
